 Dungeon Crawl Stone Soup version 0.31.0-9-g3a7656b989 (webtiles) character file.

Game seed: 12339109646370131320

67 groovy9 the Shooter (level 4, 0/27 HPs)
             Began as a Deep Elf Hunter on Jan 25, 2024.
             Slain by Ijyb
             ... wielding a +0 club
              (2 damage)
             ... on level 3 of the Dungeon.
             The game lasted 00:04:01 (1517 turns).

groovy9 the Shooter (Deep Elf Hunter)               Turns: 1517, Time: 00:04:02

Health: 0/27       AC:  8    Str:  8    XL:     4   Next: 0%
Magic:  6/6        EV: 12    Int: 14    God:
Gold:   126        SH:  0    Dex: 20    Spells: 3/3 levels left

rFire   . . .        a - +0 shortbow
rCold   . . .        (shield currently unavailable)
rNeg    . . .        c - +0 leather armour
rPois   .            p - +0 helmet
rElec   .            (no cloak)
rCorr   .            (no gloves)
SInv    .            (no boots)
Will    .....        (no amulet)
Stlth   ++           l - +4 ring of protection
HPRegen 0.24/turn    (no ring)
MPRegen 0.10/turn

%: no passive effects
@: no status effects
A: no striking features
a: no special abilities


You were on level 3 of the Dungeon.
You visited 1 branch of the dungeon, and saw 3 of its levels.

You collected 126 gold pieces.

Inventory:

Hand Weapons
 a - a +0 shortbow (weapon)
 k - a +0 hand axe
Armour
 c - a +0 leather armour (worn)
 p - a +0 helmet (worn)
Jewellery
 l - a +4 ring of protection (left hand)
Scrolls
 b - a scroll of butterflies
 d - a scroll of revelation {unknown}
 f - a scroll of blinking {unknown}
 g - a scroll of amnesia {unknown}
 h - a scroll of immolation {unknown}
 j - a scroll of identify {unknown}
 o - a scroll of fog {unknown}
 q - a scroll of teleportation {unknown}
 r - a scroll of brand weapon {unknown}
Potions
 i - 2 potions of curing {unknown}
 m - a potion of brilliance {unknown}
 n - a potion of might {unknown}


   Skills:
 + Level 2.3 Fighting
 * Level 6.8 Ranged Weapons
 - Level 2.4 Dodging
 - Level 1.2 Stealth


You had 3 spell levels left.
You didn't know any spells.
Your spell library was empty.

Dungeon Overview and Level Annotations

Branches:
Dungeon (3/15)

Altars:

Portals:
Abyss: D:3

Annotations:
D:3 1 transporter, Ijyb; Skeral's ghost, amateur GrFE


Message History

Ijyb zaps a wand.
The puff of flame hits you!
* * * LOW HITPOINT WARNING * * *
Ijyb closely misses you.
You closely miss Ijyb.
Ijyb is moderately wounded.
Ijyb hits you with a +0 club.
* * * LOW HITPOINT WARNING * * *
You hit Ijyb but do no damage.
Ijyb is moderately wounded.
Ijyb screams, "Me very upset!"
Ijyb zaps a wand.
The puff of flame hits you.
* * * LOW HITPOINT WARNING * * *
a - a +0 shortbow (weapon)
Ijyb closely misses you.
Fire: a) +0 shortbow
Press: ? - help, Q - select action Shift-Dir - straight line, f/p - Ijyb
Aim: Ijyb, wielding a +0 club, wearing a +0 chain mail and carrying a wand of flame (moderately wounded, 66% to hit)
You shoot an arrow. The arrow hits Ijyb but does no damage.
Ijyb is moderately wounded.
Ijyb hits you with a +0 club.
* * * LOW HITPOINT WARNING * * *
Fire: a) +0 shortbow
Press: ? - help, Q - select action Shift-Dir - straight line, f/p - Ijyb
Aim: Ijyb, wielding a +0 club, wearing a +0 chain mail and carrying a wand of flame (moderately wounded, 66% to hit)
You shoot an arrow. The arrow hits Ijyb but does no damage.
Ijyb is moderately wounded.
Ijyb hits you but does no damage.
Fire: a) +0 shortbow
Press: ? - help, Q - select action Shift-Dir - straight line, f/p - Ijyb
Aim: Ijyb, wielding a +0 club, wearing a +0 chain mail and carrying a wand of flame (moderately wounded, 66% to hit)
You shoot an arrow. The arrow closely misses Ijyb.
Ijyb hits you with a +0 club.
* * * LOW HITPOINT WARNING * * *
Fire: a) +0 shortbow
Press: ? - help, Q - select action Shift-Dir - straight line, f/p - Ijyb
Aim: Ijyb, wielding a +0 club, wearing a +0 chain mail and carrying a wand of flame (moderately wounded, 66% to hit)
You shoot an arrow. The arrow hits Ijyb.
Ijyb is heavily wounded.
Ijyb hits you with a +0 club.
You die...

#.# #.# #.#
#.#....#. #.# #.#
#.# #.#.##.#. #.#
#.# #.# #.#.##.#)
#.# #.# #.#
#.#....#. #.# #.#
#.# #.######. #.#
#.# #.# #.# #. #.#
#.# #.# #.# #. #.#
#.# #.# #.# #. #.#
#.# #@# #.# #. #.#
#.# #.g.....##.#
#. #.######.#
##########.######.
#........#
#........
#.######.#
######### ### ###


You could see Ijyb.

Vanquished Creatures
  Robin (D:3)
  An adder (D:2)
  2 dart slugs (D:1)
  4 endoplasms
  A giant cockroach (D:1)
  10 goblins
  7 hobgoblins
  A jackal (D:2)
  5 ball pythons
  2 bats (D:2)
  3 frilled lizards
  2 kobolds (D:2)
  4 rats
43 creatures vanquished.

Notes
Turn   | Place    | Note
-------+----------+-------------------------------------------
     0 | D:1      | groovy9 the Deep Elf Hunter began the quest for the Orb.
     0 | D:1      | Reached XP level 1. HP: 12/12 MP: 3/3
   157 | D:1      | Found a faded altar of an unknown god.
   170 | D:1      | Reached XP level 2. HP: 17/17 MP: 4/4
   337 | D:1      | You fall into a shaft and drop 1 floor!
   369 | D:2      | Reached skill level 6 in Ranged Weapons
   504 | D:1      | Reached XP level 3. HP: 21/21 MP: 5/5
  1083 | D:3      | Noticed Robin
  1092 | D:3      | Killed Robin
  1385 | D:3      | Found a transporter.
  1385 | D:3      | Found a one-way gate to the infinite horrors of the Abyss.
  1385 | D:3      | Noticed Skeral's ghost (amateur GrFE)
  1418 | D:3      | Reached XP level 4. HP: 27/27 MP: 6/6
  1468 | D:3      | Noticed Ijyb
  1517 | D:3      | Slain by Ijyb

Illustrated notes

Levels and vault maps discovered:
D:1:      lemuel_arrival_funnel, layout_basic,
          chequers_ecumenical_altar_simple_redux, minmay_tetromino_l2
D:2:      minmay_evil_eye, layout_basic
D:3:      layout_basic, gammafunk_ghost_abyssal_escape, uniq_robin, uniq_ijyb

Skill      XL: |  1  2 |
---------------+-------+-----
Ranged Weapons | 6 |  6.8
Fighting       | 2 |  2.3
Dodging        | |  2.4
Stealth        | |  1.2

Action                     |  1- 3 |  4- 6 || total
---------------------------+-------+-------++-------
  Melee: Hand axe          |       |    36 ||    36
   Fire: Shortbow          |   112 |     5 ||   117
    Use: Potion            |       |     3 ||     3
 Armour: Leather armour    |    11 |    32 ||    43
  Dodge: Dodged            |    18 |    25 ||    43
